 Dungeon Crawl Stone Soup version 0.25-a0-306-g3faca94807 (webtiles) character file.

Game seed: 7010790233690483043, levelgen mode: deterministic

5 MoonlitKnight the Charmwright (level 1, -6/20 HPs)
             Began as a Gnoll Skald on Dec 21, 2019.
             Mangled by Sigmund
             ... wielding a +0 scythe
              (8 damage)
             ... on level 2 of the Dungeon.
             The game lasted 00:00:57 (333 turns).

MoonlitKnight the Charmwright (Gnoll Skald)          Turns: 333, Time: 00:00:58

Health: -6/20      AC:  3    Str: 13    XL:     1   Next: 80%
Magic:  6/6        EV: 14    Int: 15    God:
Gold:   33         SH:  0    Dex: 14    Spells: 8/9 levels left

rFire    . . .     SeeInvis .   a - +0 spear
rCold    . . .     Gourm    .   (no shield)
rNeg     . . .     Faith    .   b - +0 leather armour
rPois    .         Spirit   .   (no helmet)
rElec    .         Reflect  .   (no cloak)
rCorr    .         Harm     .   (no gloves)
MR       .....                  (no boots)
Stlth    +.........             (no amulet)
HPRegen  0.06/turn              (no ring)
MPRegen  0.10/turn              (no ring)

@: no status effects
A: distributed training, fangs 1, strong nose
a: no special abilities


You were on level 2 of the Dungeon.
You were not hungry.

You visited 1 branch of the dungeon, and saw 2 of its levels.

You collected 33 gold pieces.

Inventory:

Hand Weapons
 a - a +0 spear (weapon)
Armour
 b - a +0 leather armour (worn)
Jewellery
 h - an uncursed ring of resist corrosion {unknown}
Scrolls
 e - a scroll of enchant weapon {unknown}
 g - a scroll of immolation {unknown}
 i - 2 scrolls of remove curse {unknown}
Potions
 f - a potion of heal wounds {unknown}
Comestibles
 c - a chunk of flesh
 d - 2 rations


   Skills:
 + Level 4.4 Fighting
 + Level 0.1 Short Blades
 + Level 0.1 Long Blades
 + Level 0.1 Axes
 + Level 0.1 Maces & Flails
 + Level 4.4 Polearms
 + Level 0.1 Staves
 + Level 0.1 Slings
 + Level 0.1 Bows
 + Level 0.1 Crossbows
 + Level 0.1 Throwing
 + Level 2.4 Armour
 + Level 4.4 Dodging
 + Level 0.1 Stealth
 + Level 0.1 Shields
 + Level 0.1 Unarmed Combat
 + Level 4.9 Spellcasting
 + Level 0.1 Conjurations
 + Level 0.1 Hexes
 + Level 5.3 Charms
 + Level 0.1 Summonings
 + Level 0.1 Necromancy
 + Level 0.1 Translocations
 + Level 0.1 Transmutations
 + Level 0.1 Fire Magic
 + Level 0.1 Ice Magic
 + Level 0.1 Air Magic
 + Level 0.1 Earth Magic
 + Level 0.1 Poison Magic
 + Level 0.2 Invocations
 + Level 0.1 Evocations


You had 8 spell levels left.
You knew the following spells:

 Your Spells              Type           Power        Failure   Level  Hunger
a - Infusion              Chrm           ###.         2%          1    None

Your spell library contained the following spells:

 Spells                   Type           Power        Failure   Level  Hunger
 Song of Slaying          Chrm           ###.....     3%          2    ##.....
 Shroud of Golubria       Chrm/Tloc      ##....       11%         2    ##.....
 Regeneration             Chrm/Necr      ##........   21%         3    ###....
 Spectral Weapon          Hex/Chrm       ##......     21%         3    ###....


Dungeon Overview and Level Annotations

Branches:
Dungeon (1/15)

Altars:

Annotations:
D:2 Sigmund


Innate Abilities, Weirdness & Mutations

Your experience applies equally to all skills.
You have very sharp teeth.
Your uncanny sense of smell can sniff out nearby items.


Message History

* * * LOW HITPOINT WARNING * * *
The giant cockroach closely misses you.
The bat completely misses you. x2; The leopard gecko closely misses you.
The bat hits you but does no damage. The giant cockroach misses you.
Something barely misses you. The bat misses you.
The leopard gecko barely misses you.
The giant cockroach completely misses you.
The bat completely misses you. The kobold hits you but does no damage.
The bat hits you but does no damage. The leopard gecko misses you.
The giant cockroach completely misses you.
Something misses you.
The leopard gecko completely misses you.
The kobold completely misses you.
You stop sporulating.
Your +0 spear unmelds from your body.
Your +0 leather armour unmelds from your body.
The bat hits you but does no damage. The giant cockroach misses you.
The bat barely misses you. The leopard gecko barely misses you.
Something hits you!
You die...

..gS ∆ #..
∆ #.r #.#
#g# .
#r#######.#
#S{.......#
##sb.....#
##@K....# ∆
#†l....#
.........
.#........
.##........
.#
.........
.#
.####....
#. # ....


You could see an adder, a leopard gecko, a giant cockroach, a hobgoblin, a bat,
a kobold and a rat.

Vanquished Creatures
  A giant cockroach (D:1)
  A goblin (D:1)
  A hobgoblin (D:2)
  2 rats
5 creatures vanquished.

Notes
Turn   | Place    | Note
-------+----------+-------------------------------------------
     0 | D:1      | MoonlitKnight the Gnoll Skald began the quest for the Orb.
     0 | D:1      | Reached XP level 1. HP: 20/20 MP: 6/6
   299 | D:1      | You fall into a shaft and drop 1 floor!
   300 | D:2      | Noticed Sigmund
   333 | D:2      | Mangled by Sigmund

Levels and vault maps discovered:
D:1:      dpeg_arrival_three_same_balls, layout_basic, feat_on_display
D:2:      layout_basic, lemuel_round_altar, minmay_small_reverse_x, uniq_sigmund

Action                   || total
-------------------------++-------
Melee: Spear             ||    13
       Bite              ||     5
 Stab: Sleeping          ||     1
Armor: Skin              ||    15
       Leather armour    ||     2
Dodge: Dodged            ||    73

Table legend:
 A = Non-vault XP
 B = Vault XP
 C = Vault XP percentage of total XP
 D = Non-vault monster count
 E = Vault monster count
 F = Vault count percentage of total count
                 A         B        C        D         E       F
            +---------+---------+-------+---------+---------+-------
      Total |       8 |       0 |   0.0 |       5 |       0 |   0.0
            +---------+---------+-------+---------+---------+-------
        D:1 |       5 |       0 |   0.0 |       3 |       0 |   0.0
        D:2 |       3 |       0 |   0.0 |       2 |       0 |   0.0
            +---------+---------+-------+---------+---------+-------
